 Dungeon Crawl Stone Soup version 0.20.0-10-g0535bb4 (webtiles) character file.

170 dvd the Sneak (level 5, -7/35 HPs)
             Began as a Vampire Fire Elementalist on June 3, 2017.
             Killed from afar by an orc wizard (10 damage)
             ... with a magic dart
             ... on level 3 of the Dungeon.
             The game lasted 00:08:12 (2098 turns).

dvd the Sneak (Vampire Fire Elementalist)           Turns: 2098, Time: 00:08:13

Health: -7/35      AC:  3    Str:  7    XL:     5   Next: 26%
Magic:  2/9        EV: 13    Int: 19    God:
Gold:   49         SH:  0    Dex: 14    Spells: 4/9 levels left

rFire    . . .     SeeInvis +   o - +4 dagger (venom)
rCold    . . .     Gourm    .   (no shield)
rNeg     + . .     Faith    .   a - +0 robe
rPois    .         Spirit   .   (no helmet)
rElec    .         Reflect  .   (no cloak)
rCorr    .         Harm     .   j - +0 pair of gloves
MR       .....                  (no boots)
Stlth    +++.......             (no amulet)
Regen    0.2/turn               (no ring)
MPRegen  0.2/turn               (no ring)

@: no status effects
A: fangs 3, see invisible, unbreathing
a: Bat Form


You were on level 3 of the Dungeon.
You were not thirsty.

You visited 1 branch of the dungeon, and saw 3 of its levels.

You collected 49 gold pieces.

Inventory:

Hand Weapons
 d - a +0 dagger
 i - a +0 dagger
 o - a +4 dagger of venom (weapon)
Armour
 a - a +0 robe (worn)
 j - a +0 pair of gloves (worn)
Wands
 n - a wand of acid (7/15)
Scrolls
 e - 2 scrolls of remove curse {unknown}
 g - 2 scrolls of teleportation {unknown}
 h - 5 scrolls of identify {unknown}
 k - a scroll of amnesia {unknown}
 q - a scroll of magic mapping {unknown}
 u - a scroll of immolation {unknown}
 v - a scroll of recharging {unknown}
Potions
 c - 18 potions of blood
 f - 2 potions of lignification {unknown}
 l - 2 potions of might {unknown}
 m - a potion of curing {unknown}
 r - a potion of brilliance {unknown}
 t - a potion of agility {unknown}
 w - 2 potions of mutation {unknown}
 x - a potion of invisibility {unknown}
Books
 b - a book of Flames

   Spells                             Type                      Level
   a - Flame Tongue                   Conjuration/Fire             1
   b - Throw Flame                    Conjuration/Fire             2
   c - Conjure Flame                  Conjuration/Fire             3
   d - Inner Flame                    Hexes/Fire                   3
   e - Sticky Flame                   Conjuration/Fire             4
   f - Fireball                       Conjuration/Fire             5
 p - a book of Changes

   Spells                             Type                      Level
   a - Beastly Appendage              Transmutation                1
   b - Sticks to Snakes               Transmutation                2
   c - Spider Form                    Transmutation/Poison         3
   d - Ice Form                       Ice/Transmutation            4
   e - Blade Hands                    Transmutation                5
 s - a book of Maledictions

   Spells                             Type                      Level
   a - Corona                         Hexes                        1
   b - Ensorcelled Hibernation        Hexes/Ice                    2
   c - Confuse                        Hexes                        3
   d - Tukima's Dance                 Hexes                        3
   e - Dazzling Spray                 Conjuration/Hexes            3


   Skills:
 + Level 0.1 Fighting
 + Level 1.9 Short Blades
 + Level 2.3 Dodging
 + Level 4.6 Stealth
 + Level 2.8 Spellcasting
 + Level 1.2 Conjurations
 + Level 0.4 Hexes
 + Level 3.3 Fire Magic


You had 4 spell levels left.
You knew the following spells:

 Your Spells              Type           Power        Failure   Level  Hunger
a - Flame Tongue          Conj/Fire      ##...        6%          1    None
b - Throw Flame           Conj/Fire      ##....       9%          2    ##.....
c - Ensorcelled Hibernat  Hex/Ice        #.....       22%         2    ##.....


Dungeon Overview and Level Annotations

Branches:
Dungeon (3/15)

Altars:
Dithmenos
Hepliaklqana


Innate Abilities, Weirdness & Mutations

You have razor-sharp teeth.
You have supernaturally acute eyesight. (SInv)
You can survive without breathing.


Message History

The orc wizard is moderately wounded.
The orc wizard barely misses you. The orc barely misses you.
Your magical contamination has completely faded away.
You hit the orc.
You kill the orc!
You feel less confused. The orc wizard hits you with a dagger.
* * * LOW HITPOINT WARNING * * *
The orc hits you with a dagger.
* * * LOW HITPOINT WARNING * * *
Okay, then.
Unknown command.
You kill the orc!
Yummy - fresh blood!
The orc wizard points at you and mumbles some strange words.
You resist with some effort.
Yummy - fresh blood!
The orc wizard casts a spell at you. The magic dart hits you!
You die...

#....'......# #.#.....
######......# #.#.....
#########......####.#.....
#..............#..........
#..............#).........
#.....%...................
#########.(.).............
#........)..............
#....).@o...#...........
#.........).#...........
#.........[.#.........†.
#...........#...........
#...........#...........
###################.....
#..... #..... #.....


You could see an orc wizard.

Vanquished Creatures
  An orc priest (D:3)
  Jessica (D:2)
  3 adders
  An ooze (D:3)
  A worm (D:2)
  3 dart slugs
  3 leopard geckos
  10 orcs (D:3)
  3 bats
  5 giant cockroaches
  10 goblins
  5 hobgoblins
  5 jackals
  A ball python (D:2)
  6 kobolds
  2 rats (D:2)
60 creatures vanquished.

Notes
Turn   | Place    | Note
-------+----------+-------------------------------------------
     0 | D:1      | dvd the Vampire Fire Elementalist began the quest for the Orb.
     0 | D:1      | Reached XP level 1. HP: 13/13 MP: 3/3
   200 | D:1      | Reached XP level 2. HP: 17/19 MP: 0/5
   708 | D:1      | Learned a level 2 spell: Throw Flame
  1160 | D:2      | Reached XP level 3. HP: 24/24 MP: 3/6
  1186 | D:2      | Found a hazy altar of Hepliaklqana.
  1187 | D:2      | Found a shadowy altar of Dithmenos.
  1197 | D:2      | Noticed Jessica
  1205 | D:2      | Killed Jessica
  1205 | D:2      | Reached skill level 1 in Conjurations
  1371 | D:2      | Reached XP level 4. HP: 24/30 MP: 2/8
  1683 | D:3      | Learned a level 2 spell: Ensorcelled Hibernation
  1704 | D:3      | Reached skill level 4 in Stealth
  1847 | D:3      | Reached skill level 1 in Short Blades
  1847 | D:3      | Reached XP level 5. HP: 29/35 MP: 2/9
  2098 | D:3      | Killed from afar by an orc wizard

Skill      XL: |  1  2  3  4 |
---------------+-------------+-----
Fire Magic     | 3 |  3.3
Conjurations   | 1 |  1.2
Stealth        | 4 |  4.6
Short Blades   | 1 |  1.9
Fighting       | |  0.1
Dodging        | |  2.3
Spellcasting   | |  2.8
Hexes          | |  0.4

Action                   |  1- 3 |  4- 6 || total
-------------------------+-------+-------++-------
Melee: Dagger            |    21 |    58 ||    79
       Bite              |       |     3 ||     3
 Cast: Flame Tongue      |    37 |     7 ||    44
       Throw Flame       |     2 |    10 ||    12
       Ensorcelled Hiber |       |     6 ||     6
  Use: Potion            |       |     5 ||     5
 Stab: Sleeping          |     5 |     9 ||    14
Armor: Robe              |    10 |    13 ||    23
Dodge: Dodged            |    20 |    38 ||    58
